 Dungeon Crawl Stone Soup version 0.31-a0-441-g867994ef1c (webtiles) character file.

Game seed: 6567898892145952862

118 LeprechaunX the Ruffian (level 5, -1/33 (34) HPs)
             Began as an Octopode Shapeshifter on Aug 2, 2023.
             Shot with a sling bullet by a goblin (2 damage)
             ... led by Robin
             ... on level 4 of the Dungeon.
             The game lasted 00:01:41 (2781 turns).

LeprechaunX the Ruffian (Octopode Shapeshifter)     Turns: 2781, Time: 00:01:42

HP:   -1/33 (34)    AC:  1    Str: 17    XL:     5   Next: 2%
MP:   5/5           EV: 13    Int: 10    God:
Gold: 143           SH:  0    Dex: 12    Spells: 4/4 levels left

rFire   . .          .
                       - Unarmed
rCold   . . .        (no shield)
rNeg    . . .        (helmet currently unavailable)
rPois   .            (no amulet)
rElec   .            (no ring)
rCorr   .            (no ring)
SInv    .            (no ring)
Will    .....        (no ring)
Stlth   ++           (no ring)
HPRegen 0.25/turn    (no ring)
MPRegen 0.09/turn    (no ring)
                     (no ring)

%: no passive effects
@: beast-form, lightly drained
A: beast (slay +2), almost no armour, amphibious, 8 rings, camouflage 1,
gelatinous body 1, (nimble swimmer 1), tentacles
a: Begin Untransformation


You were on level 4 of the Dungeon.
You were a hulking beast.
You visited 1 branch of the dungeon, and saw 4 of its levels.

You collected 143 gold pieces.

Inventory:

Jewellery
 h - a ring of fire
Talismans
 b - a beast talisman (active)
Scrolls
 d - a scroll of identify {unknown}
 e - a scroll of fog {unknown}
 g - 2 scrolls of teleportation {unknown}
 k - a scroll of silence {unknown}
 l - a scroll of vulnerability {unknown}
Potions
 a - 2 potions of lignification
 c - 4 potions of curing {unknown}
 f - 3 potions of mutation {unknown}
 i - a potion of berserk rage {unknown}
 j - 2 potions of might {unknown}


   Skills:
 + Level 2.1 Fighting
 + Level 2.8 Dodging
 * Level 4.1 Unarmed Combat
 + Level 3.4 Shapeshifting


You had 4 spell levels left.
You didn't know any spells.
Your spell library was empty.

Dungeon Overview and Level Annotations

Branches:
Dungeon (4/15)
 Temple: D:4-7

Altars:

Annotations:
D:4 Robin


Innate Abilities, Weirdness & Mutations

You are a hulking beast.
Your limbs bulge with bestial killing power. (Slay +2)
You cannot wear most types of armour.
You are amphibious.
You can wear up to eight rings at the same time.
Your skin changes colour to match your surroundings (Stealth+).
Your rubbery body absorbs attacks. (AC +1, EV +1)
((You are camouflaged when in or above water. (Stealth+)))
You have tentacles for arms and can constrict up to eight enemies at once.


Message History

The goblin barely misses you. The hound bites you.
Robin throws the goblin at you! The goblin barely misses you.
The hound attacks as you move away! The hound barely misses you.
The goblin attacks as you move away! The goblin hits you with a +0 club.
The hound stops to sniff the ground.
Robin throws the goblin at you! The goblin hits you with a +0 dagger.
The hound bites you.
The goblin shouts!
The hound attacks as you move away! The hound bites you.
The goblin barely misses you. The goblin attacks as you move away!
The goblin hits you with a +0 dagger of draining.
You feel drained.
The goblin unwields a +0 dagger.
The goblin wields a +0 sling.
The goblin shoots a sling bullet.
The sling bullet barely misses you.
You closely miss the goblin. You grab the goblin. You constrict the goblin.
The goblin barely misses you.
You tentacle-slap the goblin.
You kill the goblin!
You tentacle-slap the goblin. Your grab misses the goblin.
Your squeeze misses the goblin.
The goblin is almost dead.
The goblin hits you with a +0 club.
You tentacle-slap the goblin.
You kill the goblin!
The hound stops to sniff the ground.
The hound bites you.
* * * LOW HITPOINT WARNING * * *
You barely miss the hound. Your grab misses the hound.
The hound closely misses you.
You closely miss the hound. You grab the hound. You squeeze the hound!
The hound is heavily wounded.
You constrict the hound, but do no damage.
The goblin no longer looks unusually strong.
The hound bites you.
* * * LOW HITPOINT WARNING * * *
You bludgeon the hound!
You kill the hound!
The goblin shoots a sling bullet.
The sling bullet hits you.
You die...

.... .....# #...#
###.####.##.#
#.###
..#......##.# #.#
.(#......##.###.#
.(#....gg##.....#
###....."gg.###.#
......gg..ggg...#
......gg###)#####
...g..))# #h#
.g......# #.#
........# #.#
###.##### #.# #.
#># # #.# #.# #.#


You could see Robin, 2 hobgoblins and 3 goblins.

Vanquished Creatures
  A hound (D:4)
  Crazy Yiuf (D:3)
  3 adders
  2 worms
  A dart slug (D:2)
  3 ball pythons
  5 bats
  8 endoplasms
  3 giant cockroaches
  8 goblins
  4 hobgoblins
  2 quokkas
  3 frilled lizards
  3 kobolds (D:2)
  4 rats
51 creatures vanquished.

Notes
Turn   | Place    | Note
-------+----------+-------------------------------------------
     0 | D:1      | LeprechaunX the Octopode Shapeshifter began the quest for
                  | the Orb.
     0 | D:1      | Reached XP level 1. HP: 13/13 MP: 1/1
   192 | D:1      | Reached XP level 2. HP: 18/18 MP: 2/2
   972 | D:2      | Reached XP level 3. HP: 20/23 MP: 3/3
  1361 | D:2      | Reached XP level 4. HP: 29/29 MP: 4/4
  2383 | D:3      | Found a runed translucent door.
  2384 | D:3      | Noticed Crazy Yiuf
  2623 | D:3      | Killed Crazy Yiuf
  2624 | D:3      | Reached skill level 4 in Unarmed Combat
  2765 | D:4      | Noticed a +0 dagger
  2766 | D:4      | Noticed a +0 hand axe
  2766 | D:4      | Noticed Robin
  2769 | D:4      | Reached XP level 5. HP: 34/34 MP: 5/5
  2780 | D:4      | HP: 1/33 [hound (4)]
  2781 | D:4      | Shot with a sling bullet by a goblin

Illustrated notes

Levels and vault maps discovered:
D:1:      tarquinn_simple_flora_water_b, layout_loops_corners,
          kennysheep_flooded_box
D:2:      layout_loops_corners
D:3:      layout_loops_corners, uniq_crazy_yiuf_cottage
D:4:      layout_loops_ring, dancing_weapons_uskayaw, serial_shops, shop,
          uniq_robin

Skill      XL: |  1  2  3  4 |
---------------+-------------+-----
Fighting       | 2 |  2.1
Unarmed Combat | 4 |  4.1
Dodging        | |  2.8
Shapeshifting  | |  3.4

Action                     |  1- 3 |  4- 6 || total
---------------------------+-------+-------++-------
  Melee: Unarmed           |    55 |    37 ||    92
         Constrict         |    11 |     6 ||    17
         Tentacles         |     5 |     5 ||    10
         Punch             |     2 |     2 ||     4
   Stab: Sleeping          |    13 |     3 ||    16
 Armour: Skin              |     3 |     6 ||     9
  Dodge: Dodged            |    27 |    19 ||    46

Table legend: (Time is in decaauts)
 A = Elapsed time spent in this place.
 B = Non-inter-level travel time spent in this place.
 C = Inter-level travel time spent in this place.
 D = Time resting spent in this place.
 E = Time spent auto-exploring this place.
 F = Levels seen in this place.
 G = Mean time per level.
                   A        B        C        D        E       F      G
               +--------+--------+--------+--------+--------+-----+--------+
         Total |   2774 |   2705 |     69 |      0 |   2379 |   4 |  693.5 |
       Dungeon |   2774 |   2705 |     69 |      0 |   2379 |   4 |  693.5 |
               +--------+--------+--------+--------+--------+-----+--------+

Top non-repeatable levels by time:
     D:1: 927 daAuts
     D:2: 858 daAuts
     D:3: 852 daAuts
     D:4: 135 daAuts
